[Event "Romanian-ch Youth Open U12 2024"]
[Site "Eforie Nord"]
[Date "2024.04.17"]
[Round "7.2"]
[White "Voinescu, Marian-David"]
[Black "Petroff, Vlad"]
[Result "0-1"]
[ECO "B15"]
[WhiteElo "1756"]
[BlackElo "1999"]
[Annotator "TA"]
[PlyCount "96"]
[EventDate "2024.04.10"]
[EventType "swiss"]
[EventCountry "ROU"]
[SourceTitle "playchess.com"]
[Source "ChessBase"]
[SourceQuality "1"]
[TimeControl "5400+30"]

1. e4 c6 2. d4 d5 3. Nd2 dxe4 4. Nxe4 Nf6 5. Nxf6+ exf6 6. Bc4 Bd6 7. Qe2+ Be7 8. Nf3 O-O 9. Be3 Nd7 10. O-O {[%emt 0:00:48] The position is equal.} Nb6 11. Bd3 Nd5 12. Bd2 Be6 13. a3 Re8 14. c4 Nb6 15. Be3 Qd7 16. Qc2 h6 17. Rfd1 Rac8 (17... Bg4 $11) 18. a4 Qc7 (18... Na8 $11) 19. a5 $14 Nd7 20. Qb3 (20. c5 $16) 20... Bg4 21. Be2 (21. c5 $142) 21... Nf8 22. h3 Bd7 23. d5 c5 24. Qd3 {[%emt 0:06:16] [#] Hoping for d6.} Bd6 25. Nd2 Ng6 26. Qc2 Nh4 27. Bd3 $2 (27. Nf3 $11 Bf5 28. Qb3 Nxf3+ 29. Bxf3) 27... f5 $17 {[%emt 0:00:00] White must now prevent ...f4. Black is more active.} 28. b4 {[%emt 0:04:59] [#]} b6 ({Not} 28... cxb4 29. Bxa7 Qd8 30. Bf1 $11) ({Much less strong is} 28... Rxe3 29. fxe3 cxb4 30. Nb3 $15) ({Black should try} 28... Be5 $1 {And now ...f4 would win.} 29. Nb3 cxb4 (29... Bxa1 30. Rxa1 cxb4 31. Qd2 $19) 30. Bxa7 Bxa1 31. Rxa1 (31. Bb6 $2 Qf4 $19) 31... f4) 29. axb6 axb6 30. bxc5 bxc5 31. Nb3 $2 (31. Nf1 $17) 31... f4 $19 32. Bd2 f3 (32... Qd8 $142 33. Kh1 Nxg2) 33. g4 Qd8 ({Black should play} 33... Rb8 $19 {[%cal Of7f5] ...f5! would now be deadly.} 34. Kh1 Qc8) 34. Na5 $2 (34. Ra6 $17 Bb8 35. Kh1) 34... Qf6 $2 (34... Ng6 {Threatens to win with ...Qh4.} 35. g5 Nf4 (35... Bxh3 $2 36. Bf5 $19) (35... hxg5 36. Nb7 $15)) 35. Nb7 Be5 36. Rac1 (36. Ra3) 36... Rc7 37. Na5 Ra7 38. Nb3 (38. Re1 $142 Ng2 39. Rxe5 Qxe5 (39... Rxe5 $2 40. Qd1 $19) 40. Bf1) 38... Bd6 $2 (38... Bc7 $19 {and Black stays clearly on top. aiming for ...Qe5.} 39. Ba5 Bd6 (39... Bxa5 $2 40. Nxa5 Rxa5 41. Qc3 $19) (39... Rxa5 $2 40. d6 $19)) 39. Qc3 $17 Be5 (39... Qd8 40. Re1 h5 41. Rxe8+ Qxe8) 40. Qc2 $19 Bc7 {[%emt 0:02:51] ( -> ...Qd6)} 41. Re1 Rxe1+ {[%emt 0:11:51] Black mates.} 42. Rxe1 Qd6 43. Re8+ Bxe8 44. Kf1 Qh2 45. Ke1 Qg1+ 46. Bf1 Ng2+ 47. Kd1 Qxf1+ 48. Be1 Qxe1# {[%emt 0:03:30] Weighted Error Value: White=0.80/Black=0.62.  Loses game:     	White=2     	---        Missed win:     	---       	Black=1      Mistake:       	White=5     	Black=6      Inaccurate:     	White=7     	Black=5      OK:         	White=4     	Black=6      Best:        	White=5     	Black=2} 0-1

[Event "Romanian-ch Youth Open U12 2024"]
[Site "Eforie Nord"]
[Date "2024.04.18"]
[Round "8.1"]
[White "Petroff, Vlad"]
[Black "Negrean, Andrei"]
[Result "0-1"]
[ECO "D60"]
[WhiteElo "1999"]
[BlackElo "2250"]
[Annotator "TA"]
[PlyCount "108"]
[EventDate "2024.04.10"]
[EventType "swiss"]
[EventCountry "ROU"]
[SourceTitle "playchess.com"]
[Source "ChessBase"]
[SourceQuality "1"]
[TimeControl "5400+30"]

1. d4 e6 2. c4 Nf6 3. Nf3 d5 4. Nc3 c6 5. Bg5 h6 6. Bh4 Nbd7 7. e3 Be7 8. Bd3 O-O 9. O-O dxc4 10. Bxc4 b5 11. Bd3 a6 12. Qc2 c5 13. dxc5 Nxc5 14. Be2 Qb6 15. b4 {[%emt 0:11:06][%cal Oh4f6] Bxf6! is the strong threat. The position is equal.} Ncd7 16. a3 Bb7 17. Rfd1 {[%emt 0:03:27] And now Rxd7 would win.} Rfd8 18. Rac1 Rac8 19. Qb2 Qa7 20. h3 Qa8 21. Rc2 Nb6 22. Rxd8+ Rxd8 23. Rd2 Rc8 {[%emt 0:02:28] aiming for ...Nc4.} 24. Rd1 Nc4 25. Qb3 Nd5 (25... Nd6 $17 26. Bg3 Nc4) 26. Bg3 $2 {[%emt 0:06:44] [#]} (26. Bxe7 $11 {and White is okay.} Nxe7 27. a4) 26... Ncxe3 27. Nxd5 $17 Nxd5 28. Be5 {[%emt 0:01:37] Prevents Nc3} Bf6 {[%emt 0:00:33] White must now prevent ...Nc3.} 29. Bxf6 Nxf6 30. Ra1 (30. Ne1 $17 {was worth a try.}) 30... Nd5 {[%emt 0:02:00] Strongly threatening ...Rc3.} 31. a4 $2 (31. Bf1 $17) 31... Nc3 $19 32. Bd1 bxa4 33. Qa3 Nxd1 34. Rxd1 Bxf3 35. gxf3 {[%emt 0:00:06][%mdl 4096] Endgame. KQR-KQR} Qc6 36. Ra1 Qb5 37. Qxa4 {[%emt 0:00:59] [#]} (37. f4 $142) 37... Rc1+ $3 38. Kh2 (38. Rxc1 Qxa4) 38... Qe5+ {[%emt 0:00:09] Black mates.} 39. f4 Qxa1 (39... Rxa1 $2 {too greedy.} 40. Qe8+ Kh7 41. fxe5 $18) 40. Qe8+ Kh7 41. Qa8 Qd4 42. Qf3 Rc4 43. Qe2 Qxf4+ 44. Kg2 Qe4+ 45. Qf3 Qxf3+ 46. Kxf3 Rxb4 {[%emt 0:00:05] KR-KPP} 47. Kg3 a5 48. h4 a4 49. h5 a3 50. f4 a2 51. f5 a1=Q 52. fxe6 Qc3+ 53. Kf2 Rb2+ 54. Kf1 Qc1# {[%emt 0:00:05] Weighted Error Value: White=0.43/Black=0.12 (very precise) .  Loses game:     	White=2     	---        Mistake:       	White=2     	Black=2      Inaccurate:     	White=6     	Black=1      OK:         	White=7     	Black=7      Best:        	White=1     	---        Brilliant:      	---       	Black=1} 0-1

[Event "Romanian-ch Youth Open U12 2024"]
[Site "Eforie Nord"]
[Date "2024.04.18"]
[Round "8.2"]
[White "Stanica, Andrei"]
[Black "Ponta-Facalet, Zeno-Andrei"]
[Result "1-0"]
[ECO "B13"]
[WhiteElo "1977"]
[BlackElo "1783"]
[Annotator "TA"]
[PlyCount "67"]
[EventDate "2024.04.10"]
[EventType "swiss"]
[EventCountry "ROU"]
[SourceTitle "playchess.com"]
[Source "ChessBase"]
[SourceQuality "1"]
[TimeControl "5400+30"]

1. e4 c6 2. d4 d5 3. exd5 cxd5 4. Bd3 Nc6 5. c3 Nf6 6. h3 e6 7. Nf3 Bd6 8. O-O O-O 9. Re1 Ne7 10. Ne5 Ng6 {[%emt 0:00:37] White is slightly better.} 11. Nd2 Qc7 12. Ndf3 Nd7 13. Qe2 Ndxe5 14. dxe5 Be7 15. g3 Re8 16. h4 Nf8 17. Bf4 Bd7 18. h5 Rac8 19. Nd4 a6 ({Better is} 19... h6) 20. Qg4 $16 {[%emt 0:00:53] Black must now prevent Bh6. White is much more active.} Qd8 $2 (20... Kh8 $16) 21. Bh6 $18 g6 22. Kg2 {[%emt 0:02:02] Strongly threatening hxg6.} Rc7 23. Rh1 Bc8 24. f4 {[%emt 0:02:48] Threatens to win with hxg6.} b5 $2 (24... Bc5 25. Rae1 Bxd4) 25. a3 Bc5 26. Rh2 $40 {[%emt 0:02:19][%mdl 128] White is out for blood.} (26. Bg5 $142 Be7 27. Bh6) 26... Be7 (26... f5 27. Qe2 Rf7) 27. Rah1 Qd7 28. Bxf8 {[%emt 0:00:56][%cal Rh5g6] Threatening mate with hxg6!} Bxf8 29. hxg6 {[%emt 0:00:09] White mates.} fxg6 {[%emt 0:00:28] [#]} 30. Bxg6 $1 Qg7 (30... Kh8 31. Bxh7) 31. Rxh7 Ree7 {[%emt 0:00:17] [#]} 32. Rh8+ $1 Qxh8 33. Bh7+ Kf7 34. Qg6# {White took control after the opening.   Weighted Error Value: White=0.34/Black=0.59.  Loses game:     	---       	Black=1      Mistake:       	---       	Black=3      Inaccurate:     	---       	Black=5      OK:         	White=4     	Black=3      Best:        	White=1     	---} 1-0

[Event "Romanian-ch Youth Open U12 2024"]
[Site "Eforie Nord"]
[Date "2024.04.19"]
[Round "9.1"]
[White "Parvu, Razvan-George"]
[Black "Negrean, Andrei"]
[Result "0-1"]
[ECO "D38"]
[WhiteElo "1797"]
[BlackElo "2250"]
[Annotator "TA"]
[PlyCount "120"]
[EventDate "2024.04.10"]
[EventType "swiss"]
[EventCountry "ROU"]
[SourceTitle "playchess.com"]
[Source "ChessBase"]
[SourceQuality "1"]
[TimeControl "5400+30"]

1. d4 Nf6 2. c4 e6 3. Nf3 d5 4. Nc3 Nbd7 5. Bg5 Bb4 6. e3 c5 7. cxd5 exd5 8. Qa4 O-O 9. Bd3 Bxc3+ 10. bxc3 c4 {[%emt 0:00:40] White has an edge.} 11. Bc2 h6 12. Bh4 Qe7 13. Rb1 Qe6 14. O-O Ne4 15. Qa3 f5 16. Bxe4 dxe4 17. Nd2 g5 18. Bg3 f4 19. exf4 gxf4 20. Bh4 Qg4 21. g3 Qe2 $2 {[%emt 0:07:37][%mdl 8192] [#]} (21... e3 $1 $11 22. f3 (22. fxe3 fxe3 23. Nxc4 e2 $11) 22... Qe6) 22. Qd6 $1 $18 Kg7 {[%emt 0:03:29] Inhibits Qg6+.} (22... Qh5 {might work better.} 23. Nxe4 (23. Nxc4 Nb6 $16) 23... Kg7) (22... Qg4 23. Nxe4) 23. Rbe1 Qxd2 24. Rxe4 Rf7 25. Rfe1 Nf8 $2 (25... fxg3 26. Rg4+) (25... Nf6 26. Bxf6+ (26. Qxf4 $2 Nxe4 27. Qxd2 Nxd2 $19) 26... Rxf6) 26. Re7 Be6 27. Rxf7+ $2 (27. R7xe6 Nxe6 28. Qe5+ Kh7 (28... Kg8 29. Qxe6 fxg3 30. Bxg3 $11) 29. Qe4+ Kg7 30. Qe5+ Kh7 (30... Kg8 31. Qxe6 Kg7 32. d5 $11) 31. Qe4+ Kg7 32. Qe5+ $11) (27. R1xe6 $18 {[%cal Oe6g6] White threatens Rg6+! and mate.} Qd1+ 28. Re1) 27... Bxf7 $17 28. Qf6+ (28. Re7 $17 Qd1+ (28... Qxc3 29. Qf6+ Kh7 30. Rxf7+ Kg8 31. Qg7#) 29. Kg2) 28... Kg8 $19 29. Re7 Qd1+ 30. Kg2 {[%emt 0:00:08] [#]} f3+ $1 31. Kh3 Qf1+ 32. Kg4 h5+ 33. Kxf3 Bd5+ 34. Kf4 {[%emt 0:01:05][%csl Ge7][%cal Rf6g7] [#]} Qxf2+ (34... Ne6+ $1 $19 {is more deadly.} 35. Ke5 (35. Rxe6 $2 Rf8 $19) 35... Qe2+ 36. Kd6 Rd8+ 37. Rd7 Rxd7+ 38. Kxd7 Ng7 (38... Qxa2 39. Qg6+ Ng7 40. Bf6 $14)) 35. Ke5 $17 Qxf6+ ({Stronger than} 35... Qxa2 36. Qg7#) 36. Kxf6 (36. Bxf6 $17 Bf7 37. Rxb7) 36... Rc8 37. Kg5 (37. Rg7+ $142 Kh8 38. Re7) 37... b5 {[%emt 0:00:51][%cal Ob5b4] aiming for ...b4!} 38. Kxh5 $2 {[%emt 0:01:07] [#]} (38. a3 {keeps fighting.}) 38... b4 $1 $19 39. Bf6 {[%emt 0:00:23] Hoping for Rg7+.} (39. cxb4 Ne6) 39... Bf7+ (39... bxc3 $2 {perishes.} 40. Rg7+ (40. Rxa7 $2 Ne6 $19) 40... Kh8 41. Rxa7+ (41. Rc7+ Kg8 $11) 41... Kg8 42. Rg7+ Kh8 43. Rc7+ Kg8 44. Rxc8 $18) 40. Kg4 b3 41. Rb7 $2 (41. Re2) 41... Rc6 (41... bxa2 $2 42. Rxa7 Be6+ 43. Kh5 $19) 42. Bd8 {[%emt 0:00:13] Repels Rb6} Be6+ 43. Kf4 Bc8 44. Rb4 bxa2 45. Ra4 Ne6+ 46. Ke5 Nxd8 47. Rxa2 Ra6 48. Rb2 Ra3 49. d5 Rb3 50. Rc2 a5 51. Kd6 Bf5 52. Rf2 Nf7+ 53. Kc5 Bd3 54. Ra2 Rxc3 55. Rxa5 Rb3 {[%emt 0:01:06] Strongly threatening ...c3.} 56. Kd4 Rb8 57. Ra6 Rc8 {[%emt 0:00:33] And now ...c3 would win.} 58. d6 {[%emt 0:00:20] [#]} Nxd6 $1 59. Rxd6 {[%emt 0:00:11] [#]} (59. Ra5 Bg6) 59... c3 $1 60. Kxd3 (60. Re6 c2) 60... c2 {[%emt 0:00:01] Never resign too early!   Weighted Error Value: White=0.51/Black=0.45.  Loses game:     	---       	Black=1      Mistake:       	White=4     	Black=2      Inaccurate:     	---       	Black=1      OK:         	White=10    	Black=10     Best:        	White=5     	Black=4      Strong:       	White=1     	---} 0-1

[Event "Romanian-ch Youth Open U12 2024"]
[Site "Eforie Nord"]
[Date "2024.04.19"]
[Round "9.2"]
[White "Voinescu, Marian-David"]
[Black "Stanica, Andrei"]
[Result "0-1"]
[ECO "C88"]
[WhiteElo "1756"]
[BlackElo "1977"]
[Annotator "TA"]
[PlyCount "106"]
[EventDate "2024.04.10"]
[EventType "swiss"]
[EventCountry "ROU"]
[SourceTitle "playchess.com"]
[Source "ChessBase"]
[SourceQuality "1"]
[TimeControl "5400+30"]

1. e4 e5 2. Nf3 Nc6 3. Bb5 a6 4. Ba4 Nf6 5. O-O Be7 6. Re1 b5 7. Bb3 O-O 8. a4 Bb7 9. c3 d5 10. exd5 Nxd5 11. Nxe5 (11. axb5 $11 {remains equal.} axb5 12. Rxa8 Bxa8 13. d4) 11... Nxe5 $17 12. Rxe5 {[%emt 0:00:03] Black is clearly better.} Bd6 $4 (12... Nf4 $19 {and all is fine. aiming for ...Bd6.} 13. d4 Nxg2) 13. Rxd5 $18 ({Don't take} 13. Bxd5 $6 c6 $14) 13... Bxd5 14. Bxd5 Bxh2+ 15. Kxh2 Qxd5 16. d4 c5 17. Be3 f5 18. Bf4 (18. g3 $142) 18... Rad8 $16 19. Be5 $2 {[%emt 0:00:58][%mdl 8192] White does not recover from this.} (19. axb5 $16 axb5 20. Nd2) 19... Qxe5+ $19 20. Kg1 cxd4 21. cxd4 Rxd4 {[%emt 0:00:14][%cal Rd4d1] [#]} 22. Qb3+ Qd5 23. Qxd5+ Rxd5 {[%emt 0:00:02][%mdl 4096] Endgame. KRR-KRN} 24. Nc3 {[%emt 0:00:02] Prevents Rd1+.} Rc5 25. axb5 axb5 26. Ra5 Rfc8 {[%emt 0:00:00] Threatens to win with ...b4.} 27. Rxb5 Rxb5 28. Nxb5 {[%emt 0:00:01] KR-KN} Rb8 29. Nd4 g6 30. b3 Rb4 31. Ne2 Rxb3 {[%emt 0:00:00] And now ...Rb1+ would win.} 32. f3 Kf7 33. Kf2 Kf6 (33... Rb2 $142 34. Kf1 Kf6) 34. Kg3 h5 {[%emt 0:00:00] Black mates.} 35. Nf4 {[%emt 0:00:36] [#]} h4+ $1 36. Kh2 (36. Kf2 g5) 36... g5 37. Ne2 g4 38. fxg4 fxg4 39. Nf4 Kf5 40. Nd5 Rb1 41. Ne3+ Kf4 42. Nd5+ Kg5 43. g3 Rb2+ 44. Kg1 h3 45. Ne3 Re2 46. Nf1 Rg2+ 47. Kh1 Kh5 48. Ne3 Rxg3 49. Nf5 Ra3 50. Kh2 Kg5 51. Ng3 Ra2+ 52. Kh1 Kf4 53. Nh5+ Kf3 {[%emt 0:00:00] Weighted Error Value: White=1.20/Black=0.48.  Loses game:     	White=1     	---        Missed win:     	---       	Black=1      Mistake:       	White=2     	---        Inaccurate:     	White=2     	---        OK:         	White=7     	Black=5      Best:        	---       	Black=3} 0-1